 Dungeon Crawl Stone Soup version 0.29-a0-337-g68df138881 (webtiles) character file.

Game seed: 16045126491652185441

59477 rabbitsville the Bludgeoner (level 14, -2/127 HPs)
             Began as a Minotaur Gladiator on Apr 16, 2022.
             Was the Champion of Okawaru.
             Slain by a steelbarb worm (12 damage)
             ... on level 1 of the Spider Nest.
             The game lasted 01:08:06 (26171 turns).

rabbitsville the Bludgeoner (Minotaur Gladiator)   Turns: 26171, Time: 01:08:07

Health: -2/127     AC: 19    Str: 23    XL:     14   Next: 53%
Magic:  17/22      EV: 12    Int:  5    God:    Okawaru [******]
Gold:   1598       SH:  0    Dex: 13    Spells: 13/13 levels left

rFire   . . .      SeeInvis +   a - +8 whip "Snakebite" {venom, curare, rPois}
rCold   . . .      Faith    +   (no shield)
rNeg    + + .      Spirit   .   v - +1 chain mail of Limited Liability {rN++}
rPois   +          Reflect  .   c - +0 hat
rElec   .          Harm     .   O - +2 cloak {rCorr}
rCorr   +          Rampage  .   (no gloves)
Will    +....                   p - +0 pair of boots
Stlth   ..........              V - amulet of faith
HPRegen 0.31/turn               w - ring of see invisible
MPRegen 0.18/turn               i - +4 ring of slaying

@: heroic, finesse-ful, spiked, slowed, very slow
A: horns 2, retaliatory headbutt
a: Renounce Religion, Heroism, Finesse, Duel


You were on level 1 of the Spider Nest.
You worshipped Okawaru.
Okawaru was exalted by your worship.
You visited 5 branches of the dungeon, and saw 23 of its levels.
You visited 1 bazaar.

You collected 1918 gold pieces.
You spent 320 gold pieces at shops.

Inventory:

Hand Weapons
 a - the +8 whip "Snakebite" (weapon) {venom, curare, rPois}
   (You found it on level 1 of the Lair of Beasts)

   It poisons the flesh of those it strikes.
   It occasionally inflicts asphyxiating poison on those it strikes, dealing
   poison damage and causing slowness.
   rPois:     It protects you from poison.
 b - the +10 morningstar of the Valley {drain, rC+ Dex+5}
   (You found it on level 6 of the Dungeon)

   A truly terrible weapon, it drains the life of any living foe it strikes.
   Dex:       It affects your dexterity (+5).
   rC:        It protects you from cold.
Missiles
 d - 5 throwing nets
 e - 7 javelins
 r - 25 poisoned darts
 H - 4 curare-tipped darts
 K - 5 datura-tipped darts
 U - 8 silver javelins (quivered)
Armour
 c - a +0 hat (worn)
 p - a +0 pair of boots (worn)
 t - the +0 cloak "Jaamaos" {rN+}
   (Okawaru gifted it to you on level 1 of the Lair of Beasts)

   rN:        It protects you from negative energy.
 v - the +1 chain mail of Limited Liability (worn) {rN++}
   (Okawaru gifted it to you on level 9 of the Dungeon)

   rN:        It greatly protects you from negative energy.
 O - a +2 cloak of preservation (worn)
Jewellery
 g - a ring of protection from cold
 i - a +4 ring of slaying (right hand)
 q - a ring of protection from fire
 w - a ring of see invisible (left hand)
 A - an amulet of reflection
 L - a ring of resist corrosion
 V - an amulet of faith (around neck)
Wands
 h - a wand of iceblast (10)
 s - a wand of polymorph (11)
 z - a wand of acid (15)
 N - a wand of flame (17)
 W - a wand of digging (5)
Scrolls
 k - a scroll of immolation {unknown}
 l - 2 scrolls of vulnerability {unknown}
 m - 9 scrolls of teleportation
 x - 6 scrolls of amnesia
 C - a scroll of enchant armour {unknown}
 E - a scroll of fear {unknown}
 G - 2 scrolls of silence {unknown}
 I - 6 scrolls of magic mapping
 J - 3 scrolls of enchant weapon
 P - 5 scrolls of blinking
 R - a scroll of brand weapon {unknown}
 X - a scroll of acquirement {unknown}
 Y - 2 scrolls of fog {unknown}
Potions
 f - 6 potions of brilliance
 j - 5 potions of haste
 n - 2 potions of lignification
 o - 6 potions of might
 u - 3 potions of invisibility
 B - a potion of berserk rage {unknown}
 D - 4 potions of flight
 F - a potion of heal wounds
 M - 4 potions of curing
 Q - 3 potions of cancellation {unknown}
 S - 3 potions of magic {unknown}
 T - a potion of degeneration {unknown}


   Skills:
 - Level 12.8(17.8) Fighting
 - Level 16.0(21.0) Maces & Flails
 - Level 9.4(14.4) Polearms
 * Level 11.9(16.9) Throwing
 + Level 8.4(13.4) Armour
 - Level 3.2(8.2) Dodging
 + Level 12.4 Invocations


You had 13 spell levels left.
You didn't know any spells.
Your spell library contained the following spells:

 Spells                   Type           Power      Damage    Failure   Level
 Sandblast                Erth           0%         2d4       95%         1
 Shock                    Conj/Air       0%         1d3       95%         1
 Ensorcelled Hibernation  Hex/Ice        0%         N/A       98%         2
 Passwall                 Tmut/Erth      0%         N/A       98%         2
 Portal Projectile        Hex/Tloc       0%         N/A       100%        3
 Stone Arrow              Conj/Erth      0%         3d7       100%        3
 Swiftness                Air            0%         N/A       100%        3
 Passage of Golubria      Tloc           0%         N/A       100%        4
 Blade Hands              Tmut           0%         N/A       100%        5
 Excruciating Wounds      Necr           0%         N/A       100%        5
 Silence                  Hex/Air        0%         N/A       100%        5
 Yara's Violent Unravell  Hex/Tmut       0%         3d3       100%        5
 Iron Shot                Conj/Erth      0%         9d1       100%        6
 Statue Form              Tmut/Erth      0%         N/A       100%        6
 Tukima's Dance           Hex            Unusable   N/A       N/A         3

Dungeon Overview and Level Annotations

Branches:
Dungeon (13/15)            Temple (1/1) D:4            Lair (6/6) D:11
  Swamp (0/4) Lair:3       Spider (1/4) Lair:4        Slime (0/5) Lair:6
    Orc (2/2) D:10            Elf (0/3) Orc:2
 Vaults: D:13-14

Altars:
Ashenzari
Cheibriados
Dithmenos
Elyvilon
Fedhas
Gozag
Hepliaklqana
Kikubaaqudgha
Makhleb
Nemelex Xobeh
Okawaru
Qazlal
Ru
Sif Muna
Trog
Uskayaw
Vehumet
Wu Jian
Xom
Yredelemnul
Zin
The Shining One
Beogh

Shops:
D:4 *   D:5 :   D:10 *   Orc:2 ***:([

Annotations:
D:11 3 runed translucent doors, Darius099's ghost, novice TrBe
D:12 1 runed translucent door, Cecur's ghost, journeyman DsGl
Lair:1 1 runed translucent door, Ekoynunot's ghost, journeyman DjCj
Spider:1 Josephine


Innate Abilities, Weirdness & Mutations

You have a pair of horns on your head.
You reflexively headbutt those who attack you in melee.


Message History

The redback bites you but does no damage. x2
You hit the steelbarb worm.
Your headbutt misses the steelbarb worm.
The steelbarb worm is lightly wounded.
You hit the steelbarb worm.
The steelbarb worm is poisoned.
The steelbarb worm is lightly wounded.
The redback bites you but does no damage.
The redback bites you.
You are lethally poisoned!
The redback poisons you! The redback bites you. The wraith closely misses you.
The jumping spider leaps!
The redback bites you but does no damage.
The wraith hits you. The wraith drains your vigour!
You feel as though you will be slow longer.
You feel better.
The jumping spider leaps!
The redback bites you! The redback barely misses you.
The redback bites you but does no damage.
The steelbarb worm hits you but does no damage.
The redback bites you but does no damage.
A culicivora comes into view.
The wraith closely misses you. The wraith hits you but does no damage.
The redback bites you.
The jumping spider leaps!
The redback misses you. The steelbarb worm hits you!
* * * LOW HITPOINT WARNING * * *
Barbed spikes become lodged in your body.
The redback bites you but does no damage.
The culicivora moves out of view.
The barbs in your skin will harm you if you move.
Continue?
The redback closely misses you.
The redback bites you but does no damage. x2
The steelbarb worm hits you!
* * * LOW HITPOINT WARNING * * *
Barbed spikes become lodged in your body.
The wraith closely misses you. The wraith hits you but does no damage.
The jumping spider leaps!
The redback closely misses you. You furiously retaliate!
You headbutt the redback! The redback bites you!
* * * LOW HITPOINT WARNING * * *
The redback closely misses you. The redback misses you.
The jumping spider leaps!
The steelbarb worm hits you!
You die...

..#....#....##..
#.....^#.......#
...#...#...^...#
.....>^#.......
.....#....[..
.#.......s.# .
.....ss#W..#....
....sys@ss.....#
#.....sWw°..)...
......ss........
.....$..........
.........s......
.......°........
........#.......
................


You could see a steelbarb worm (very poisoned), an orb spider, 2 wraiths, 3
jumping spiders, a tarantella, 6 redbacks and a meliai.

Vanquished Creatures
  An orc warlord (Orc:2)
  A vampire knight (D:12)
  A dire elephant (Lair:6)
  An ettin (D:12)
  Erolcha (Orc:2)
  3 boulder beetles
  2 hydras
  A merfolk avatar (Lair:6)
  A catoblepas (Lair:2)
  A centaur warrior (D:12)
  2 two-headed ogres
  Nergalle (Lair:3)
  Sonja (Lair:1)
  An orc high priest (Orc:2)
  A steelbarb worm (Lair:4)
  3 lindwurms
  Pikel (D:4)
  A harpy (Lair:6)
  4 orc knights
  A wolf spider (Lair:4)
  2 orc sorcerers (Orc:2)
  2 ugly things
  A manticore (Lair:6)
  8 elephants (Lair:6)
  6 black mambas
  A gargoyle (D:13)
  A torpor snail (Lair:6)
  3 kobold demonologists
  12 cane toads
  8 komodo dragons
  An unseen horror (D:10)
  7 rime drakes
  2 meliai (Lair:4)
  10 trolls
  9 polar bears
  A hornet (shapeshifter) (D:12)
  A wind drake (Lair:6)
  2 hornets
  7 blink frogs
  2 snapping turtles (Lair:6)
  A tarantella (Lair:4)
  11 slime creatures
  7 dream sheep (Lair:5)
  A centaur simulacrum (D:12)
  Sigmund (D:3)
  3 shadows
  34 yaks
  A culicivora (Lair:4)
  2 wraiths
  4 wyverns
  A basilisk (Lair:3)
  4 redbacks
  Eustachio (D:4)
  Menkaure (D:7)
  5 steam dragons
  8 vampire mosquitoes
  2 acid dragons (D:12)
  A warg (Orc:2)
  8 water moccasins
  2 ice beasts (D:7)
  23 orc warriors
  A sky beast (D:7)
  2 black bears
  8 ogres
  5 wolves (Lair:1)
  2 kobold brigands
  Blork the orc (Orc:2)
  13 bullfrogs
  A necrophage (D:6)
  2 scorpions (D:5)
  3 gnoll sergeants
  3 wights (D:10)
  6 killer bees (D:9)
  8 howler monkeys
  A lava snake (Lair:4)
  4 jellies
  10 orc priests
  4 hounds
  5 iguanas
  13 orc wizards
  10 adders
  13 gnolls
  A white imp (D:5)
  2 worms (D:2)
  36 orcs
  7 bats
  9 endoplasms
  A giant cockroach (D:1)
  5 goblins
  5 hobgoblins
  3 jackals (D:1)
  4 quokkas
  5 ball pythons
  5 frilled lizards
  8 kobolds
  6 rats
448 creatures vanquished.

Vanquished Creatures (others)
  An orc warrior (Orc:2)
  3 orc wizards (Orc:2)
  37 fungi
  51 plants
92 creatures vanquished.

Grand Total: 540 creatures vanquished

Notes
Turn   | Place    | Note
-------+----------+-------------------------------------------
     0 | D:1      | rabbitsville the Minotaur Gladiator began the quest for the
                  | Orb.
     0 | D:1      | Reached XP level 1. HP: 18/18 MP: 0/0
   227 | D:1      | Reached XP level 2. HP: 25/25 MP: 1/1
   249 | D:1      | Found a faded altar of an unknown god.
   626 | D:2      | Reached XP level 3. HP: 24/30 MP: 2/2
   958 | D:2      | Reached XP level 4. HP: 38/38 MP: 3/3
  1063 | D:3      | Noticed Sigmund
  1084 | D:3      | Killed Sigmund
  1085 | D:3      | Reached skill level 5 in Polearms
  1085 | D:3      | Reached XP level 5. HP: 34/46 MP: 4/4
  1776 | D:4      | Found Citzoatt's Overcharged Wands.
  1780 | D:4      | Noticed Eustachio
  1793 | D:4      | Killed Eustachio
  1794 | D:4      | Reached XP level 6. HP: 47/52 MP: 5/5
  1840 | D:4      | Found a staircase to the Ecumenical Temple.
  1858 | Temple   | Entered the Ecumenical Temple
  2210 | Temple   | Became a worshipper of Warmaster Okawaru
  2324 | D:4      | Noticed Pikel
  2334 | D:4      | Killed Pikel
  2334 | D:4      | Reached * piety under Okawaru
  2335 | D:4      | Reached skill level 5 in Fighting
  2335 | D:4      | Reached skill level 5 in Throwing
  2335 | D:4      | Reached XP level 7. HP: 33/61 MP: 6/6
  2589 | D:4      | Found a shimmering altar of Xom.
  2992 | D:5      | Entered Level 5 of the Dungeon
  3035 | D:5      | Reached ** piety under Okawaru
  3160 | D:5      | Reached skill level 1 in Invocations
  3160 | D:5      | Reached XP level 8. HP: 51/69 MP: 7/7
  3400 | D:5      | Found Vyzivi's Book Emporium.
  4098 | D:6      | Identified the +10 morningstar of the Valley {drain, rC+
                  | Dex+5}
  4184 | D:6      | Reached *** piety under Okawaru
  4206 | D:6      | Found an opulent altar of Gozag.
  4726 | D:7      | Reached skill level 1 in Maces & Flails
  4741 | D:7      | Reached skill level 2 in Maces & Flails
  4761 | D:7      | Reached skill level 3 in Maces & Flails
  4762 | D:7      | Reached XP level 9. HP: 54/79 MP: 10/10
  4762 | D:7      | Noticed Menkaure
  5053 | D:7      | Reached skill level 4 in Maces & Flails
  5061 | D:7      | Reached **** piety under Okawaru
  5182 | D:7      | Killed Menkaure
  5183 | D:7      | Reached skill level 5 in Maces & Flails
  5959 | D:8      | Noticed a two-headed ogre
  5963 | D:8      | Killed a two-headed ogre
  5964 | D:8      | Reached skill level 7 in Maces & Flails
  5964 | D:8      | Reached skill level 5 in Invocations
  6484 | D:8      | Reached ***** piety under Okawaru
  6609 | D:9      | Noticed a kobold demonologist
  6609 | D:9      | Noticed a kobold demonologist
  6611 | D:9      | Noticed a kobold demonologist
  6619 | D:8      | Noticed a rust devil
  6619 | D:8      | Killed a kobold demonologist
  6620 | D:8      | Reached skill level 8 in Maces & Flails
  6620 | D:8      | Reached XP level 10. HP: 79/90 MP: 13/13
  6920 | D:9      | Reached skill level 9 in Maces & Flails
  6920 | D:9      | Paralysed by a hornet for 2 turns
  7134 | D:9      | Received a gift from Okawaru
  7225 | D:9      | Reached skill level 10 in Maces & Flails
  7607 | D:9      | Reached skill level 10 in Fighting
  7901 | D:9      | Identified the +1 chain mail of Limited Liability {rN++}
                  | (Okawaru gifted it to you on level 9 of the Dungeon)
  7901 | D:9      | Received a gift from Okawaru
  7999 | D:10     | Entered Level 10 of the Dungeon
  8227 | D:10     | Reached skill level 11 in Maces & Flails
  8227 | D:10     | Reached XP level 11. HP: 100/100 MP: 15/15
  8371 | D:10     | Found a staircase to the Orcish Mines.
  8630 | D:10     | Got the Reference Book on Ashen Feathers
  8663 | D:10     | Found Guteublu's General Store.
  8666 | D:10     | Noticed a five-headed hydra
  8680 | D:10     | Bought a scroll of identify for 28 gold pieces
  9172 | D:10     | Identified the +8 dagger of Sharkskin {protect, Str+2 Int+4
                  | Dex+2}
  9321 | D:11     | Noticed a red ugly thing
  9329 | D:11     | Killed a red ugly thing
  9536 | D:11     | Noticed a two-headed ogre
  9542 | D:11     | Killed a two-headed ogre
  9543 | D:11     | Reached skill level 12 in Maces & Flails
  9881 | D:11     | Found a staircase to the Lair.
 10097 | D:11     | You fall into a shaft and drop 2 floors!
 10640 | D:11     | Found a runed translucent gate.
 10640 | D:11     | Found a runed translucent gate.
 10641 | D:11     | Found a runed translucent gate.
 10642 | D:11     | Noticed Darius099's ghost (novice TrBe)
 10989 | Lair:1   | Entered Level 1 of the Lair of Beasts
 11004 | Lair:1   | Identified the +0 cloak "Jaamaos" {rN+} (Okawaru gifted it
                  | to you on level 1 of the Lair of Beasts)
 11004 | Lair:1   | Received a gift from Okawaru
 11099 | Lair:1   | Noticed Sonja
 11103 | Lair:1   | Killed Sonja
 11103 | Lair:1   | Reached ****** piety under Okawaru
 11104 | Lair:1   | Reached skill level 13 in Maces & Flails
 11812 | Lair:1   | Found the +8 whip "Snakebite" {venom, curare, rPois}
 11918 | Lair:1   | Noticed a lindwurm
 11926 | Lair:1   | Killed a lindwurm
 11927 | Lair:1   | Reached XP level 12. HP: 75/112 MP: 17/17
 12232 | Lair:1   | Found an iron altar of Okawaru.
 12407 | Lair:1   | Reached skill level 14 in Maces & Flails
 13072 | Lair:1   | Found a runed translucent door.
 13073 | Lair:1   | Noticed Ekoynunot's ghost (journeyman DjCj)
 13173 | Lair:2   | Identified the +4 hunting sling of Tension {vorpal, rF+
                  | Dex+6 SInv}
 13346 | Lair:2   | Noticed an eight-headed hydra
 13356 | Lair:2   | Killed an eight-headed hydra
 13944 | Lair:2   | Noticed a catoblepas
 13954 | Lair:2   | Killed a catoblepas
 14216 | Lair:3   | Received a gift from Okawaru
 14400 | Lair:3   | Received a gift from Okawaru
 14401 | Lair:3   | Reached skill level 15 in Maces & Flails
 14853 | Lair:3   | Found a staircase to the Swamp.
 14949 | Lair:3   | Noticed a boulder beetle
 14964 | Lair:3   | Killed a boulder beetle
 15166 | Lair:3   | Noticed Nergalle
 15176 | Lair:3   | Killed Nergalle
 15555 | Lair:4   | Reached skill level 10 in Invocations
 15599 | Lair:4   | Found a hole to the Spider Nest.
 15699 | Lair:4   | Received a gift from Okawaru
 15707 | Lair:4   | Reached skill level 16 in Maces & Flails
 17014 | Lair:5   | Reached skill level 1 in Armour
 17014 | Lair:5   | Reached XP level 13. HP: 119/119 MP: 19/19
 17889 | Lair:6   | Entered Level 6 of the Lair of Beasts
 18453 | Lair:6   | Noticed a dire elephant
 18472 | Lair:6   | Killed a dire elephant
 18480 | Lair:6   | Received a gift from Okawaru
 19017 | Lair:6   | Received a gift from Okawaru
 19325 | Lair:6   | Reached skill level 5 in Armour
 19724 | Lair:6   | Found a staircase to the Slime Pits.
 19936 | Lair:6   | Identified the +5 rapier "Hoffel" {drain, rC- Int-4 Dex+8}
 20264 | Lair:6   | Reached skill level 10 in Throwing
 20544 | Orc:1    | Entered Level 1 of the Orcish Mines
 21225 | Orc:2    | Entered Level 2 of the Orcish Mines
 21225 | Orc:2    | Found a flickering gateway to a bazaar.
 21231 | Bazaar   | Entered a bazaar
 21426 | Bazaar   | Found Bean's Book Shop.
 21440 | Bazaar   | Found Uddoej's Antique Weapon Shoppe.
 21457 | Bazaar   | Found Ibipturo's Antique Armour Shop.
 21478 | Bazaar   | Found Joutufah's Weapon Shoppe.
 21487 | Bazaar   | Found Xulinn's Antique Armour Shop.
 21552 | Bazaar   | Bought a runed cloak for 202 gold pieces
 21665 | Orc:2    | Noticed an orc warlord
 21685 | Orc:2    | Found Ohoseqin's Assorted Antiques.
 21938 | Orc:2    | Reached XP level 14. HP: 127/127 MP: 21/21
 21994 | Orc:2    | Noticed Blork the orc
 22007 | Orc:2    | Received a gift from Okawaru
 22009 | Orc:2    | Killed Blork the orc
 22175 | Orc:2    | Found Onerrot's Book Boutique.
 22191 | Orc:2    | Found Eneunk's Antique Armour Boutique.
 22207 | Orc:2    | Found Ziat's Antique Weapon Boutique.
 22223 | Orc:2    | Found Pocsicsu's General Store.
 22231 | Orc:2    | Bought a scroll of blinking for 90 gold pieces
 22276 | Orc:2    | Found a radiant altar of Vehumet.
 22755 | Orc:2    | Killed an orc warlord
 22984 | Orc:2    | Found Jony Sim's General Store.
 23128 | Orc:2    | Found a staircase to the Elven Halls.
 23140 | Orc:2    | Noticed Erolcha
 23147 | Orc:2    | Killed Erolcha
 23818 | D:12     | Received a gift from Okawaru
 24268 | D:12     | Noticed a vampire knight
 24274 | D:12     | Killed a vampire knight
 24824 | D:12     | Noticed Cecur's ghost (journeyman DsGl)
 24826 | D:12     | Found a runed translucent door.
 24826 | D:12     | Identified the +0 spear of Dilosil {holy, rElec}
 25846 | Spider:1 | Entered Level 1 of the Spider Nest
 25846 | Spider:1 | Noticed Josephine
 26171 | Spider:1 | Slain by a steelbarb worm

Illustrated notes

Levels and vault maps discovered:
D:1:      wander_arrival_chamber, layout_rooms, shapermc_ecumenical_altar_venn
D:2:      layout_basic
D:3:      layout_rooms, grunt_decor_fettered, uniq_sigmund
D:4:      layout_basic, temple_statues, kennysheep_flooded_box,
          nicolae_shop_overcharged_wands, uniq_pikel, uniq_eustachio
D:5:      layout_gridville, serial_shops, kennysheep_mini
D:6:      layout_cave_pods, mainiacjoe_overflow_small_starburst,
          minmay_misc_feat_chi
D:7:      layout_cave_pools, uniq_menkaure
D:8:      layout_loops_cross
D:9:      layout_loops_cross
D:10:     layout_long_grid, erik_orc_3, serial_shops,
          nicolae_shop_advertising_works [nicolae_subvault_shop_adworks]
D:11:     layout_roguey, david_lair_shrubbed, gammafunk_ghost_nasty_kobolds
D:12:     minmay_glassy_protrusions, layout_basic, ebering_ghost_funeral_grove
D:13:     layout_roguey, lightli_vaults_fourway_checkpoint,
          gammafunk_ghost_cemetery
Temple:   roderic_octagonal_lattice_temple
Lair:1:   minmay_guarded_unrand_snakebite, layout_cellular_growth,
          ebering_ghost_reflecting_pool, basic_altar, uniq_sonja
Lair:2:   layout_chaotic_city
Lair:3:   layout_regular_city, swamp_mist_pool, cheibrodos_lair_lostbears,
          uniq_nergalle
Lair:4:   layout_gridlike, spider_nest_entry_funnel_web, nicolae_lair_lindhole,
          infiniplex_staircase_pool
Lair:5:   layout_roguey
Lair:6:   gammafunk_lair_ancient_temple, layout_loops_ring,
          minmay_slime_entry_pillars
Spider:1: layout_spider_delve, uniq_josephine
Orc:1:    layout_caves, basic_altar
Orc:2:    grunt_orc_cross, layout_diamond_mine, serial_shops, freezing_bzr,
          shop, nicolae_shop_behind_doors, nicolae_volcano_entry_two_sided,
          basic_altar, uniq_erolcha

Skill      XL: |  1  2  3  4  5  6  7  8  9 10 11 12 13 14 |
---------------+-------------------------------------------+-----
Polearms       | 4 5 6 7 8 9 |  9.4
Fighting       | 3 4 5 7 8 10 11 12 | 12.8
Throwing       | 3 4 5 6 10 11 | 11.9
Invocations    | 1 3 5 7 8 10 11 12 | 12.4
Maces & Flails | 3 8 11 13 16 | 16.0
Armour         | 1 6 8 |  8.4
Dodging        | |  3.2

Action                   |  1- 3 |  4- 6 |  7- 9 | 10-12 | 13-15 || total
-------------------------+-------+-------+-------+-------+-------++-------
Melee: Trident           |    76 |    20 |       |       |       ||    96
       Headbutt          |     8 |     6 |    14 |    76 |   103 ||   207
       Punch             |     1 |       |       |     6 |     7 ||    14
       Scythe            |       |    47 |    44 |       |       ||    91
       Morningstar       |       |       |    65 |   200 |   235 ||   500
       Whip              |       |       |       |   173 |   193 ||   366
Throw: Dart              |       |       |     5 |     1 |     5 ||    11
       Boomerang         |       |       |    15 |   110 |   202 ||   327
       Javelin           |       |       |       |     2 |    21 ||    23
Invok: Heroism           |       |       |       |     1 |     3 ||     4
       Finesse           |       |       |       |       |     1 ||     1
  Use: Scroll            |       |       |       |    16 |     3 ||    19
       Potion            |       |       |       |     1 |     4 ||     5
Armor: Leather armour    |     9 |       |       |       |       ||     9
       Plate armour      |     5 |    55 |    73 |    40 |       ||   173
       Chain mail        |       |       |       |    76 |   170 ||   246
Dodge: Dodged            |    35 |    26 |    54 |   128 |   167 ||   410

Table legend: (Time is in decaauts)
 A = Elapsed time spent in this place.
 B = Non-inter-level travel time spent in this place.
 C = Inter-level travel time spent in this place.
 D = Time resting spent in this place.
 E = Time spent auto-exploring this place.
 F = Levels seen in this place.
 G = Mean time per level.
                   A        B        C        D        E       F      G
               +--------+--------+--------+--------+--------+-----+--------+
         Total |  26041 |  24980 |   1061 |   4342 |  15990 |  24 | 1085.0 |
       Dungeon |  12917 |  12366 |    551 |   1356 |   8555 |  13 |  993.6 |
        Temple |    376 |    353 |     23 |      0 |    329 |   1 |  376.0 |
          Lair |   9744 |   9372 |    372 |   2465 |   5602 |   6 | 1624.0 |
   Spider Nest |     14 |     14 |      0 |      0 |      0 |   1 |   14.0 |
  Orcish Mines |   2618 |   2503 |    115 |    369 |   1491 |   2 | 1309.0 |
        Bazaar |    370 |    370 |      0 |    152 |     13 |   1 |  370.0 |
               +--------+--------+--------+--------+--------+-----+--------+

Top non-repeatable levels by time:
  Lair:1: 2252 daAuts
    D:12: 1933 daAuts
   Orc:2: 1795 daAuts
  Lair:5: 1781 daAuts
  Lair:6: 1720 daAuts
    D:11: 1592 daAuts
  Lair:4: 1563 daAuts
    D:10: 1396 daAuts
  Lair:3: 1353 daAuts
     D:9: 1296 daAuts
  Lair:2: 1073 daAuts
     D:6: 1048 daAuts
     D:5: 988 daAuts
     D:4: 956 daAuts
     D:8: 938 daAuts
